 Dungeon Crawl Stone Soup version 0.18.1-1-g2f07953 (webtiles) character file.

4067 MDvedh the Severer (level 10, -2/78 HPs)
             Began as a Minotaur Berserker on May 6, 2016.
             Was a High Priest of Trog.
             Killed from afar by an electric eel (5 damage)
             ... with a bolt of electricity
             ... on level 9 of the Dungeon on May 7, 2016.
             The game lasted 00:12:25 (7725 turns).

MDvedh the Severer (Minotaur Berserker)             Turns: 7725, Time: 00:12:26

Health: -2/78      AC: 17    Str: 23    XL:     10   Next: 5%
Magic:  0/9        EV:  8    Int:  4    God:    Trog [*****.]
Gold:   406        SH:  0    Dex: 12    Spells: 0 memorised, 9 levels left

rFire  . . .     SeeInvis .     l - +0 war axe
rCold  . . .     Gourm    .     G - +0 plate armour
rNeg   . . .     Faith    .     (no shield)
rPois  +         Spirit   +     (helmet restricted)
rElec  .         Dismiss  .     q - +2 cloak {rPois}
rCorr  +         Reflect  .     z - +2 pair of gloves
SustAt .         Harm     .     (no boots)
MR     .....                    y - amulet of guardian spirit
Stlth  ..........               E - +1 ring of evasion
                                p - ring of resist corrosion

@: not resistant to hostile enchantments, extremely unstealthy
A: retaliatory headbutt, horns 2
a: Berserk, Trog's Hand, Brothers in Arms, Burn Spellbooks, Renounce Religion


You were on level 9 of the Dungeon.
You worshipped Trog.
Trog was extremely pleased with you.
You were not hungry.

You visited 1 branch of the dungeon, and saw 9 of its levels.
You also visited: Sewer.

You collected 406 gold pieces.

Inventory:

Hand Weapons
 a - a +1 hand axe
 l - a +0 war axe (weapon)
Armour
 q - a +2 cloak of poison resistance (worn)
 z - a +2 pair of gloves (worn)
 G - a +0 plate armour (worn)
Jewellery
 p - a ring of resist corrosion (left hand)
 y - an amulet of guardian spirit (around neck)
 A - an uncursed ring of magical power
 E - a +1 ring of evasion (right hand)
Wands
 i - a wand of random effects (27/48)
 J - a wand of flame (14/48)
 K - a wand of disintegration (19/24)
 L - a wand of slowing (16/48)
Scrolls
 b - a scroll of blinking
 d - 4 scrolls of teleportation
 e - a scroll of fog {unknown}
 g - 9 scrolls of remove curse
 r - 2 scrolls of recharging {unknown}
 s - a scroll of enchant armour
 w - a scroll of magic mapping
 H - 2 scrolls of identify
Potions
 f - a potion of cancellation {unknown}
 h - 3 potions of curing
 j - a potion of brilliance {unknown}
 k - a potion of heal wounds
 m - a potion of haste {unknown}
 n - 3 potions of berserk rage
 t - a potion of lignification {unknown}
 u - a potion of beneficial mutation {unknown}
 x - 3 potions of flight
 B - 2 potions of magic {unknown}
 C - 2 potions of cure mutation {unknown}
 D - 3 potions of ambrosia
 I - 2 potions of invisibility {unknown}
Comestibles
 c - 5 bread rations
 o - 2 beef jerkies
 v - 3 fruits
 F - 4 meat rations


   Skills:
 + Level 3.9 Fighting
 - Level 16.3 Axes
 + Level 2.8 Armour
 + Level 2.3 Dodging


You had 9 spell levels left.
You didn't know any spells.

Dungeon Overview and Level Annotations

Branches:
Dungeon (9/15)             Temple (0/1) D:6            Lair (0/8) D:9
    Orc: D:9-12

Altars:
Gozag
Okawaru
Trog
Xom


Innate Abilities, Weirdness & Mutations

You reflexively headbutt those who attack you in melee.
You have a pair of horns on your head.


Message History

Unknown command.
Unknown command.
Found a staircase to the Lair.
There is a stone staircase leading down here.
An electric eel comes into view.
The electric eel shoots out a bolt of lightning at you!
The bolt of electricity hits you!
* * * LOW HITPOINT WARNING * * *
Found 12 gold pieces.
Unknown command.
The snapping turtle hisses angrily.
The electric eel shoots out a bolt of lightning at you!
The bolt of electricity hits you!
* * * LOW HITPOINT WARNING * * *
Unknown command.
The electric eel shoots out a bolt of lightning at you!
The bolt of electricity hits you!
* * * LOW HITPOINT WARNING * * *
The bolt of electricity hits you!
You die...

...## ...≈
...≈ $.# ..#
#.# ≈≈≈ ##.##
≈≈≈ #>@≈# ≈≈≈≈
#..##≈≈≈≈≈
##.≈#≈≈≈≈≈
#.#≈≈≈≈≈≈ ≈≈≈
#.≈≈≈≈≈##≈≈≈≈
#t#≈;≈≈##≈.≈≈≈
#.#≈≈≈t#≈≈≈≈≈≈
#a#≈≈≈≈#≈≈≈≈t≈
#.#≈≈≈≈≈≈≈≈≈≈≈


You could see 2 snapping turtles, a worker ant and an electric eel.

Vanquished Creatures
  Prince Ribbit (D:7)
  The ghost of WereVolvo the Chucker, an amateur OgHu (D:3)
  A spriggan (D:7)
  Edmund (D:6)
  Menkaure (D:7)
  2 orc warriors
  An ice beast (D:8)
  2 phantoms
  A wasp (D:8)
  A necrophage (D:7)
  A sky beast (D:7)
  2 ogres
  Blork the orc (D:6)
  4 giant frogs
  A big kobold (D:7)
  A gnoll sergeant (D:8)
  A scorpion (D:7)
  8 killer bees (D:7)
  3 electric eels (D:9)
  A jelly (D:5)
  3 howler monkeys (D:8)
  2 crimson imps (D:8)
  2 quasits (D:8)
  A giant frog zombie (D:7)
  A centaur skeleton (D:8)
  A centaur zombie (D:5)
  A giant frog skeleton (D:8)
  3 hounds
  3 orc priests
  Crazy Yiuf (D:2)
  2 iguanas
  9 worker ants
  4 orc wizards
  2 hound zombies
  2 hound skeletons
  A worker ant zombie (D:7)
  8 adders
  13 gnolls
  2 shadow imps (D:7)
  2 oozes
  An adder zombie (D:8)
  3 adder skeletons
  2 worms (D:5)
  4 dart slugs (D:1)
  6 giant geckos
  12 orcs
  13 bats
  9 giant cockroaches
  7 goblins
  5 hobgoblins
  14 jackals
  3 quokkas
  5 ball pythons
  9 giant newts
  A jackal zombie (D:7)
  11 kobolds
  A quokka skeleton (D:5)
  8 rats
212 creatures vanquished.

Vanquished Creatures (others)
  A butterfly (D:9)
1 creature vanquished.

Grand Total: 213 creatures vanquished

Notes
Turn   | Place    | Note
--------------------------------------------------------------
     0 | D:1      | MDvedh the Minotaur Berserker began the quest for the Orb.
     0 | D:1      | Reached XP level 1. HP: 19/19 MP: 0/0
   198 | D:1      | Reached skill level 4 in Axes
   226 | D:1      | Reached XP level 2. HP: 5/26 MP: 1/1
   643 | D:1      | Reached skill level 5 in Axes
   743 | D:1      | Reached XP level 3. HP: 26/31 MP: 2/2
   761 | D:1      | Reached ** piety under Trog
  1526 | D:2      | Found an iron altar of Okawaru.
  1740 | D:2      | Noticed Crazy Yiuf
  1749 | D:2      | Killed Crazy Yiuf
  1749 | D:2      | Reached skill level 6 in Axes
  1749 | D:2      | Reached XP level 4. HP: 39/39 MP: 3/3
  2102 | D:3      | Noticed WereVolvo's ghost (amateur OgHu)
  2113 | D:3      | Killed WereVolvo's ghost
  2113 | D:3      | Reached skill level 8 in Axes
  2113 | D:3      | Reached XP level 5. HP: 45/45 MP: 4/4
  2113 | D:3      | Reached XP level 6. HP: 51/51 MP: 5/5
  2361 | D:3      | Reached *** piety under Trog
  2374 | D:3      | Found an opulent altar of Gozag.
  2903 | D:4      | Reached skill level 9 in Axes
  3160 | D:4      | Reached XP level 7. HP: 53/57 MP: 6/6
  3217 | D:4      | Reached skill level 10 in Axes
  3341 | D:5      | Entered Level 5 of the Dungeon
  3836 | D:5      | Found a glowing drain.
  3844 | Sewer    | Entered a sewer
  3903 | Sewer    | Received a gift from Trog
  3920 | Sewer    | Reached skill level 11 in Axes
  4049 | Sewer    | Reached XP level 8. HP: 40/64 MP: 2/7
  4295 | D:5      | Reached **** piety under Trog
  4377 | D:6      | Noticed Edmund
  4378 | D:6      | Found a shimmering altar of Xom.
  4386 | D:6      | Killed Edmund
  4450 | D:6      | Found a staircase to the Ecumenical Temple.
  4491 | D:6      | Reached skill level 12 in Axes
  4496 | D:6      | Found a bloodstained altar of Trog.
  4611 | D:6      | Noticed Blork the orc
  4617 | D:6      | Killed Blork the orc
  5209 | D:7      | Reached skill level 13 in Axes
  5232 | D:7      | Noticed Prince Ribbit
  5254 | D:7      | Killed Prince Ribbit
  5437 | D:7      | Reached XP level 9. HP: 70/70 MP: 8/8
  5442 | D:7      | Reached skill level 14 in Axes
  5473 | D:7      | Received a gift from Trog
  5823 | D:7      | Reached skill level 15 in Axes
  5902 | D:7      | Noticed Menkaure
  5908 | D:7      | Killed Menkaure
  6410 | D:8      | Reached skill level 16 in Axes
  6709 | D:8      | Reached XP level 10. HP: 76/76 MP: 9/9
  7158 | D:9      | Reached ***** piety under Trog
  7167 | D:9      | HP: 3/77 [electric eel/bolt of electricity (6)]
  7718 | D:9      | Found a staircase to the Lair.
  7725 | D:9      | HP: 3/78 [electric eel/bolt of electricity (8)]
  7725 | D:9      | Killed from afar by an electric eel

Skill      XL: |  1  2  3  4  5  6  7  8  9 |
---------------+----------------------------+-----
Axes           | 4 5 6 8 9 11 13 16 | 16.3
Fighting       | |  3.9
Armour         | |  2.8
Dodging        | |  2.3

Action                   |  1- 3 |  4- 6 |  7- 9 | 10-12 || total
-------------------------+-------+-------+-------+-------++-------
Melee: Hand axe          |    79 |   102 |   132 |       ||   313
       Headbutt          |    10 |    21 |    63 |     8 ||   102
       War axe           |       |       |   269 |    34 ||   303
Invok: Berserk           |     2 |     1 |     8 |       ||    11
       Trog's Hand       |       |       |     2 |       ||     2
       Burn Spellbooks   |       |       |     1 |       ||     1
  Use: Scroll            |       |       |    15 |       ||    15
       Potion            |       |       |       |     1 ||     1
  Eat: Chunk             |     4 |     6 |     7 |       ||    17
       Bread ration      |       |       |     3 |     1 ||     4
Armor: Leather armour    |    17 |       |       |       ||    17
       Animal skin       |     1 |       |       |       ||     1
       Ring mail         |    11 |     4 |       |       ||    15
       Chain mail        |       |    33 |    38 |       ||    71
       Plate armour      |       |       |   184 |    14 ||   198
Dodge: Dodged            |    55 |    47 |   139 |    17 ||   258
